 Dungeon Sprint DCSS version 0.20.1-1-g8b1a95d (webtiles) character file.

1658 potatolord6000 the Thaumaturge (level 8, -4/53 HPs)
             Began as a Deep Elf Summoner on Aug 30, 2017.
             Was an Elder of Sif Muna.
             Slain by a death cob (30 damage)
             ... in the Dungeon (Sprint V: "Ziggurat Sprint").
             The game lasted 00:06:55 (570 turns).

potatolord6000 the Thaumaturge (Deep Elf Summoner)   Turns: 570, Time: 00:06:56

Health: -4/53      AC:  4    Str: 10    XL:     8   Next: 68%
Magic:  17/31      EV: 26    Int: 46    God:    Sif Muna [****..]
Gold:   0          SH:  0    Dex: 20    Spells: 18/30 levels left

rFire    . . .     SeeInvis .   j - +6 Majin-Bo {vamp, Archmagi MP+6 Int+6}
rCold    + . .     Gourm    .   (shield currently unavailable)
rNeg     . . .     Faith    .   y - +2 robe {rC+}
rPois    .         Spirit   .   (no helmet)
rElec    .         Reflect  .   (no cloak)
rCorr    .         Harm     .   (no gloves)
MR       .....     NoTele   +   (no boots)
Stlth    +++.......             (no amulet)
Regen    0.2/turn               l - +6 ring of intelligence
MPRegen  0.3/turn               m - +6 ring of intelligence

@: mighty, brilliant, agile, slightly contaminated, slowed, very slow
A: no striking features
a: Divine Energy, Channel Magic, Forget Spell, Renounce Religion


You were in the Dungeon.
You worshipped Sif Muna.
Sif Muna was greatly pleased with you.
You were not hungry.

You visited 1 branch

Inventory:

Hand Weapons
 j - the +6 Majin-Bo (weapon) {vamp, Archmagi MP+6 Int+6}
   (You found it in the Dungeon)

   It inflicts no extra harm, but heals its wielder when it wounds a living foe.
   It affects your intelligence (+6).
   It affects your magic capacity (+6).
Armour
 y - a +2 robe of cold resistance (worn)
Jewellery
 l - a +6 ring of intelligence (left hand)
 m - a +6 ring of intelligence (right hand)
Scrolls
 i - a scroll of blinking
 o - 4 scrolls of amnesia
 p - 3 scrolls of recharging
 q - 7 scrolls of fog
 r - a scroll of holy word
 s - 5 scrolls of identify
 t - 5 scrolls of remove curse
 u - 2 scrolls of fear
Potions
 d - 9 potions of curing
 e - a potion of heal wounds
 f - 4 potions of haste
 g - 4 potions of magic
 h - 3 potions of berserk rage
 v - a potion of brilliance
 x - 4 potions of resistance
 A - 3 potions of agility
 B - 3 potions of might
Books
 b - a book of Callings

   Spells                             Type                      Level
   a - Summon Small Mammal            Summoning                    1
   b - Call Imp                       Summoning                    2
   c - Call Canine Familiar           Summoning                    3
   d - Summon Guardian Golem          Hexes/Summoning              3
   e - Summon Lightning Spire         Summoning/Air                4
   f - Summon Ice Beast               Ice/Summoning                4
Comestibles
 c - 5 bread rations
 k - 42 fruits
 n - 3 meat rations


   Skills:
 + Level 7.3 Fighting
 + Level 8.9 Staves
 + Level 10.7 Dodging
 - Level 2.4 Stealth
 + Level 11.6 Spellcasting
 + Level 10.6 Summonings


You had 18 spell levels left.
You knew the following spells:

 Your Spells              Type           Power        Failure   Level  Hunger
a - Summon Small Mammal   Summ           ####         0%          1    None
b - Call Canine Familiar  Summ           ########     1%          3    None
c - Summon Lightning Spi  Summ/Air       ########     1%          4    None
d - Summon Ice Beast      Ice/Summ       ########     1%          4    None


Dungeon Overview and Level Annotations

Branches:
Dungeon (1/1)

Altars:
Ashenzari
Cheibriados
Dithmenos
Elyvilon
Fedhas
Gozag
Hepliaklqana
Kikubaaqudgha
Makhleb
Nemelex Xobeh
Okawaru
Qazlal
Ru
Sif Muna
Trog
Uskayaw
Vehumet
Xom
Yredelemnul
Zin
The Shining One
Beogh
Jiyva
Lugonu

Annotations:
D 1 transporter


Message History

Your ice beast hits the draconian but does no damage.
Your ice beast barely misses the death cob.
You closely miss the draconian.
The draconian is almost dead.
The death cob hits you! The death cob drains your vigour!
You feel yourself slow down. The draconian completely misses you.
The death cob misses you.
Your ice beast hits the draconian but does no damage.
You feel yourself slow down. The death cob completely misses you.
The draconian hits your ice beast but does no damage.
Your ice beast completely misses the death cob.
Your ice beast closely misses the death cob.
Casting: Summon Ice Beast
Confirm with . or Enter, or press ? or * to list all spells.
You feel a surge of power!
Your ice beast is no longer moving slowly.
The death cob completely misses you. The death cob hits you!!
Ouch! That really hurt!
You die...

▓.....▓.)...▓.....▓
▓.))8.▓.()).▓.....▓
▓..)..▓.....▓.....▓
▓.....▓.....▓▓▓▓▓▓▓
▓▓▓▓▓▓▓▓▓▓▓▓▓▓▓▓▓▓▓
▓..8©8...▓..8©8...▓
▓..:[}...▓..}h|...▓
▓...=....▓..)Y}..)▓
▓........▓..@zd...▓
▓..)))...▓...Y....▓
▓...((...▓.▓....▓.▓
▓........▓........▓
▓▓▓▓▓▓▓▓▓▓▓▓▓▓▓▓▓▓▓


You could see a death cob, a draconian, a friendly warg and 2 friendly ice
beasts.

Vanquished Creatures
  2 draconians (D)
  Sigmund (D)
  An orc wizard (D)
  Jessica (D)
5 creatures vanquished.

Vanquished Creatures (collateral kills)
  A draconian (D)
  7 merfolk (D)
  2 orc priests (D)
  An orc (D)
11 creatures vanquished.

Grand Total: 16 creatures vanquished

Notes
Turn   | Place    | Note
-------+----------+-------------------------------------------
     0 | D        | potatolord6000 the Deep Elf Summoner began the quest for the Orb.
     0 | D        | Reached XP level 1. HP: 10/10 MP: 6/6
     0 | D        | Found a blossoming altar of Fedhas.
     1 | D        | Found a transporter.
     1 | D        | Found a viscous altar of Jiyva.
     1 | D        | Found an ancient bone altar of Kikubaaqudgha.
     1 | D        | Found a hazy altar of Hepliaklqana.
     1 | D        | Found a corrupted altar of Lugonu.
     1 | D        | Found an opulent altar of Gozag.
     1 | D        | Found a burning altar of Makhleb.
     5 | D        | Found a stormy altar of Qazlal.
     5 | D        | Found an iron altar of Okawaru.
     5 | D        | Found a sacrificial altar of Ru.
     5 | D        | Found a sparkling altar of Nemelex Xobeh.
     5 | D        | Found a deep blue altar of Sif Muna.
     5 | D        | Found a bloodstained altar of Trog.
    44 | D        | Reached skill level 5 in Spellcasting
    44 | D        | Reached skill level 5 in Summonings
    44 | D        | Reached XP level 2. HP: 18/18 MP: 6/10
    58 | D        | Became a worshipper of Sif Muna the Loreminder
   130 | D        | Entered arena 2.
   130 | D        | Noticed Sigmund
   130 | D        | Noticed Jessica
   130 | D        | Found a transporter.
   137 | D        | Killed Sigmund
   137 | D        | Reached * piety under Sif Muna
   137 | D        | Reached skill level 7 in Spellcasting
   137 | D        | Reached XP level 3. HP: 17/24 MP: 13/13
   137 | D        | Reached XP level 4. HP: 20/29 MP: 15/15
   137 | D        | Reached XP level 5. HP: 23/33 MP: 15/16
   139 | D        | Killed Jessica
   139 | D        | Reached skill level 5 in Staves
   155 | D        | Learned a level 3 spell: Call Canine Familiar
   160 | D        | Learned a level 4 spell: Summon Lightning Spire
   165 | D        | Learned a level 4 spell: Summon Ice Beast
   171 | D        | Entered arena 3.
   171 | D        | Noticed a merfolk
   171 | D        | Noticed a merfolk
   171 | D        | Noticed a merfolk
   171 | D        | Found a transporter.
   176 | D        | Killed a merfolk
   176 | D        | Reached skill level 8 in Spellcasting
   176 | D        | Reached XP level 6. HP: 20/40 MP: 1/19
   179 | D        | Killed a merfolk
   179 | D        | Reached ** piety under Sif Muna
   179 | D        | Reached skill level 5 in Fighting
   181 | D        | Killed a merfolk
   181 | D        | Reached skill level 9 in Spellcasting
   332 | D        | Entered arena 4.
   332 | D        | Found a transporter.
   335 | D        | Reached XP level 7. HP: 19/44 MP: 4/21
   346 | D        | Entered arena 5.
   346 | D        | Noticed a merfolk
   346 | D        | Noticed a merfolk
   346 | D        | Noticed a merfolk
   346 | D        | Noticed a merfolk
   346 | D        | Found a transporter.
   351 | D        | Killed a merfolk
   351 | D        | Reached *** piety under Sif Muna
   356 | D        | Killed a merfolk
   356 | D        | Reached skill level 10 in Spellcasting
   356 | D        | Killed a merfolk
   358 | D        | Killed a merfolk
   364 | D        | Got the ring "Ockimuec" {Fire Int-3 Dex+4}
   503 | D        | Entered arena 6.
   503 | D        | Noticed a draconian
   503 | D        | Noticed a draconian
   503 | D        | Noticed a draconian
   503 | D        | Noticed a death cob
   503 | D        | Noticed a draconian
   503 | D        | Found a transporter.
   513 | D        | Killed a draconian
   513 | D        | Reached **** piety under Sif Muna
   513 | D        | Reached skill level 10 in Dodging
   513 | D        | Reached skill level 10 in Summonings
   513 | D        | Reached XP level 8. HP: 31/52 MP: 12/24
   536 | D        | Killed a draconian
   536 | D        | Reached skill level 11 in Spellcasting
   553 | D        | Killed a draconian
   570 | D        | Slain by a death cob

Skill      XL: |  1  2  3  4  5  6  7  8 |
---------------+-------------------------+-----
Fighting       | 2 4 5 6 7 |  7.3
Staves         | 3 4 5 6 8 |  8.9
Dodging        | 4 6 7 8 10 | 10.7
Spellcasting   | 5 7 8 9 10 11 | 11.6
Summonings     | 5 7 8 10 | 10.6
Stealth        | |  2.4

Action                   |  1- 3 |  4- 6 |  7- 9 || total
-------------------------+-------+-------+-------++-------
Melee: Quarterstaff      |     5 |     3 |    22 ||    30
 Cast: Summon Small Mamm |     4 |       |       ||     4
       Summon Ice Beast  |       |     8 |     8 ||    16
       Call Canine Famil |       |     2 |     6 ||     8
       Summon Lightning  |       |     2 |     3 ||     5
  Use: Potion            |     5 |     3 |    15 ||    23
       Scroll            |       |       |     3 ||     3
 Stab: Invisible         |     1 |       |     3 ||     4
       Sleeping          |     1 |       |       ||     1
  Eat: Meat ration       |     1 |       |       ||     1
Armor: Robe              |       |       |     1 ||     1
Dodge: Dodged            |     4 |     3 |    37 ||    44
